 Dungeon Crawl Stone Soup version 0.31-a0-210-gccc998df9b (webtiles) character file.

Game seed: 1641078106925070564

214 qw the Chopper (level 5, -1/32 HPs)
             Began as a Gargoyle Fighter on June 30, 2023.
             Slain by an iguana (8 damage)
             ... on level 4 of the Dungeon.
             The game lasted 00:01:23 (2153 turns).

qw the Chopper (Gargoyle Fighter)                   Turns: 2153, Time: 00:01:24

Health: -1/32      AC: 15    Str: 22    XL:     5   Next: 91%
Magic:  5/5        EV:  8    Int:  8    God:
Gold:   101        SH:  4    Dex:  9    Spells: 4/4 levels left

rFire   . . .        Y - +0 war axe
rCold   . . .        c - +0 buckler
rNeg    + . .        i - +0 chain mail
rPois   inf          (no helmet)
rElec   +            (no cloak)
rCorr   .            a - +1 pair of gloves
SInv    .            (no boots)
Will    .....        (no amulet) Stlth
                     (no ring)
HPRegen 0.25/turn    (no ring)
MPRegen 0.09/turn

%: no passive effects
@: no status effects
A: sickness immunity, AC +4, negative energy resistance 1, electricity
resistance, torment resistance 1, petrification resistance
a: no special abilities


You were on level 4 of the Dungeon.
You visited 1 branch of the dungeon, and saw 4 of its levels.

You collected 101 gold pieces.


Innate Abilities, Weirdness & Mutations

You are immune to sickness and miasma.
Your stone body is resilient. (AC +4)
You are immune to poison.
You resist negative energy. (rN+)
You are resistant to electric shocks. (rElec)
You are resistant to unholy torment.
You are immune to petrification.


   Skills:
 + Level 3.5 Fighting
 - Level 5.3 Axes
 - Level 3.2 Armour
 - Level 3.2 Shields


You had 4 spell levels left.
You didn't know any spells.
Your spell library was empty.

Inventory:

Hand Weapons
 k - a +0 mace
 Y - a +0 war axe (weapon)
Armour
 a - a +1 pair of gloves (worn)
 c - a +0 buckler (worn)
 f - a +0 plate armour
 i - a +0 chain mail (worn)
Jewellery
 h - a ring of ice
Scrolls
 g - a scroll of identify
 l - a scroll of revelation {unknown}
Potions
 b - a potion of mutation
 d - a potion of might
 e - a potion of ambrosia {unknown}
 j - a potion of lignification {unknown}
 m - a potion of haste {unknown}
 n - a potion of heal wounds {unknown}
 o - a potion of cancellation {unknown}

Dungeon Overview and Level Annotations

Branches:
Dungeon (3/15)

Altars:
Zin
The Shining One


Message History

Enter note:
Enter note:
Enter note:
Enter note:
Enter note:
Enter note:
Enter note: A sourceless malevolence fills the Dungeon...
You fall into a shaft and drop 1 floor!
The shaft crumbles and collapses.
Found a spear.
Waypoint 3 assigned to D:4.
An adder comes into view.
The adder hisses angrily.
You block the adder's attack.
You barely miss the adder. The adder bites you but does no damage.
You slash the adder!
You kill the adder!
You see here an adder corpse.
Found a club.
Found a stone staircase leading down.
An iguana comes into view.
The iguana hisses angrily.
An iguana comes into view.
The iguana hisses angrily.
You hit the iguana but do no damage.
The iguana bites you but does no damage.
You barely miss the iguana. The iguana misses you.
The iguana barely misses you. The iguana bites you!
You closely miss the iguana. x2
The iguana bites you! x2
You hit the iguana.
The iguana is moderately wounded.
You hit the iguana but do no damage. You block the iguana's attack. x2
You barely miss the iguana.
The iguana is moderately wounded.
You hit the iguana. You block the iguana's attack. The iguana bites you!
You die...

...... #......
....... ##.......
......... #........
#ll...... ### #@# #.#
#.# #.# #.## #.#
#..## #.# ##..#
#####.### ##.#
#.......# #.####...
#.......#####.)......
#.............##.....


You could see 2 iguanas.

Vanquished Creatures
  An ogre (D:3)
  A gnoll (D:2)
  5 adders
  A worm (D:2)
  3 dart slugs
  An orc (D:3)
  6 ball pythons
  3 bats
  7 endoplasms
  A giant cockroach (D:2)
  4 goblins
  9 hobgoblins
  2 jackals (D:1)
  5 quokkas
  3 frilled lizards
  5 kobolds
  5 rats
62 creatures vanquished.

Notes
Turn   | Place    | Note
-------+----------+-------------------------------------------
     0 | D:1      | qw the Gargoyle Fighter began the quest for the Orb.
     0 | D:1      | Reached XP level 1. HP: 14/14 MP: 1/1
     0 | D:1      | 0 ||| qw: Version: 0.3-a-26-gee661ec
     0 | D:1      | 0 ||| qw: Game counter: 7210
     0 | D:1      | 0 ||| qw: Melee chars always use a shield: true
     0 | D:1      | 0 ||| qw: God list: Okawaru
     0 | D:1      | 0 ||| qw: Allow faded altars: false
     0 | D:1      | 0 ||| qw: Do Orc after clearing Dungeon:15 true
     0 | D:1      | 0 ||| qw: Do second Lair branch before Depths: true
     0 | D:1      | 0 ||| qw: Lair rune preference: random
     0 | D:1      | 0 ||| qw: Goals: Normal, Zot:1-4, Slime:5, God:TSO, Crypt,
                  | Tomb, Abyss, Pan, Hells, Win
     0 | D:1      | 0 ||| PLANNING D:1-11
    34 | D:1      | Reached skill level 2 in Axes
    88 | D:1      | Reached XP level 2. HP: 13/19 MP: 2/2
   375 | D:1      | 375 ||| Stepping ~*~*~tactically~*~*~ (stealth).
   420 | D:1      | Reached skill level 3 in Axes
   424 | D:1      | Reached XP level 3. HP: 18/23 MP: 3/3
   548 | D:1      | Found a faded altar of an unknown god.
   794 | D:1      | 794 ||| DROPPING +2 robe of cold resistance.
   795 | D:1      | 795 ||| UPGRADING to +0 chain mail.
   805 | D:1      | 805 ||| DROPPING +0 scale mail.
   806 | D:1      | 806 ||| READING scroll labelled XAWA ZOOH.
   807 | D:1      | 807 ||| READING scroll labelled DYLIBI JIVAA.
   808 | D:1      | 808 ||| READING scroll labelled CIGENE BULOSAG.
   847 | D:2      | 847 ||| STAIRDANCE
   899 | D:2      | 899 ||| FLEEEEING.
   901 | D:2      | 901 ||| FLEEEEING.
   915 | D:2      | 915 ||| Stepping ~*~*~tactically~*~*~ (hiding).
  1074 | D:2      | 1074 ||| Stepping ~*~*~tactically~*~*~ (stealth).
  1105 | D:2      | Reached XP level 4. HP: 20/28 MP: 4/4
  1109 | D:2      | Reached skill level 4 in Axes
  1163 | D:2      | 1163 ||| UPGRADING to +0 pair of gloves.
  1168 | D:2      | 1168 ||| READING scroll of enchant armour.
  1168 | D:2      | 1168 ||| ENCHANTING +0 pair of gloves.
  1169 | D:2      | 1169 ||| READING scroll labelled JIODIARHIY.
  1177 | D:2      | 1177 ||| Stepping ~*~*~tactically~*~*~ (hiding).
  1195 | D:2      | 1195 ||| Stepping ~*~*~tactically~*~*~ (stealth).
  1196 | D:2      | 1196 ||| Stepping ~*~*~tactically~*~*~ (stealth).
  1309 | D:2      | 1309 ||| Stepping ~*~*~tactically~*~*~ (hiding).
  1351 | D:2      | 1351 ||| Stepping ~*~*~tactically~*~*~ (hiding).
  1520 | D:2      | 1520 ||| READING scroll labelled ANWECON BOMYVIDO.
  1521 | D:2      | 1521 ||| READING 2 scrolls of identify.
  1521 | D:2      | 1521 ||| IDENTIFYING lumpy orange potion
  1680 | D:3      | Found Egoirghau's Magic Scroll Emporium.
  1730 | D:3      | Reached XP level 5. HP: 32/32 MP: 5/5
  1735 | D:3      | Noticed an ogre
  1743 | D:3      | Killed an ogre
  1744 | D:3      | Reached skill level 5 in Axes
  1805 | D:3      | Found a glowing silver altar of Zin.
  1805 | D:3      | Found a glowing golden altar of the Shining One.
  1928 | D:3      | 1928 ||| DROPPING +0 whip.
  2102 | D:3      | You fall into a shaft and drop 1 floor!
  2151 | D:4      | HP: 6/32 [iguana (9)]
  2153 | D:4      | Slain by an iguana

Levels and vault maps discovered:
D:1:      dpeg_arrival_round_a, layout_basic,
          shapermc_ecumenical_altar_hornbeckon, minivault_25
D:2:      layout_rooms, kennysheep_generic_room_7
D:3:      layout_basic, gammafunk_temple_overflow_wave, serial_shops, shop
D:4:      lemuel_castle_with_subvaults [lemuel_castle_interior_carwin_2],
          layout_rooms, gammafunk_temple_overflow_elements,
          minmay_temple_entry_glass

Skill      XL: |  1  2  3  4  5 |
---------------+----------------+-----
Axes           | 2 3 4 5 |  5.3
Fighting       | |  3.5
Armour         | |  3.2
Shields        | |  3.2

Action                     |  1- 3 |  4- 6 || total
---------------------------+-------+-------++-------
  Melee: War axe           |   104 |    66 ||   170
    Use: Scroll            |     3 |     4 ||     7
 Armour: Scale mail        |    31 |       ||    31
         Chain mail        |    38 |    26 ||    64
  Dodge: Dodged            |    41 |    26 ||    67
  Block: Buckler           |    21 |    11 ||    32

Table legend:
 A = Non-vault XP
 B = Vault XP
 C = Vault XP percentage of total XP
 D = Non-vault monster count
 E = Vault monster count
 F = Vault count percentage of total count
                 A         B        C        D         E       F
            +---------+---------+-------+---------+---------+-------
      Total |     288 |      18 |   5.9 |      59 |       3 |   4.8
            +---------+---------+-------+---------+---------+-------
        D:1 |      46 |       0 |   0.0 |      25 |       0 |   0.0
        D:2 |      78 |      18 |  18.8 |      22 |       3 |  12.0
        D:3 |     150 |       0 |   0.0 |      11 |       0 |   0.0
        D:4 |      14 |       0 |   0.0 |       1 |       0 |   0.0
            +---------+---------+-------+---------+---------+-------
